 Dungeon Crawl Stone Soup version 0.18-a0-1426-g3b9a63c (webtiles) character file.

229 M4edhros the Insei (level 6, 0/38 HPs)
             Began as an Octopode Artificer on Feb 28, 2016.
             Succumbed to a scorpion's poison
             ... on level 4 of the Dungeon.
             The game lasted 00:02:08 (2198 turns).

M4edhros the Insei (Octopode Artificer)             Turns: 2198, Time: 00:02:08

Health: 0/38       AC:  1    Str:  8    XL:     6   Next: 3%
Magic:  8/8        EV: 12    Int: 16    God:
Gold:   132        SH:  0    Dex: 11    Spells: 0 memorised, 5 levels left

rFire  . . .     SeeInvis .       - Unarmed
rCold  . . .     Gourm    .     (no shield)
rNeg   . . .     Faith    .     (helmet restricted)
rPois  .         Spirit   .     (no amulet)
rElec  .         Dismiss  .     (no ring)
rCorr  .         Reflect  .     (no ring)
SustAt .         Harm     .     (no ring)
MR     .....                    (no ring)
Stlth  +++.......               (no ring)
                                (no ring)
                                (no ring)
                                (no ring)

@: lethally poisoned (0 -> -1), not resistant to hostile enchantments, fairly
stealthy
A: almost no armour, amphibious, 8 rings, constrict 8, camouflage 1, clumsy 1,
weak 1, gelatinous body 1
a: no special abilities


You were on level 4 of the Dungeon.
You were near starving.

You visited 1 branch of the dungeon, and saw 4 of its levels.

You collected 132 gold pieces.

Inventory:

Wands
 b - a wand of flame (15/48)
 c - a wand of enslavement (15/24)
 d - a wand of random effects (14/48)
Scrolls
 a - a scroll of magic mapping {unknown}
 g - 2 scrolls of enchant armour {unknown}
 i - 3 scrolls of amnesia {unknown}
 j - 3 scrolls of identify {unknown}
 k - a scroll of blinking {unknown}
Comestibles
 f - a bread ration
 h - a meat ration


   Skills:
 - Level 1.0 Fighting
   Level 1.0 Short Blades
 - Level 2.0 Dodging
 - Level 1.3 Stealth
 + Level 5.6 Unarmed Combat
 - Level 3.2 Evocations


You had 5 spell levels left.
You didn't know any spells.

Dungeon Overview and Level Annotations

Branches:
Dungeon (4/15)             Temple (0/1) D:4

Altars:
The Shining One


Innate Abilities, Weirdness & Mutations

You cannot wear most types of armour.
You are amphibious.
You can wear up to eight rings at the same time.
You can use your tentacles to constrict eight enemies at once.
Your skin changes colour to match your surroundings (Stealth).
Your rubbery body absorbs attacks (AC +1).
You are clumsy. (Dex -2)
You are weak. (Str -2)


Message History

You tentacle-slap the giant cockroach. Your grab misses the giant cockroach.
The giant cockroach is almost dead.
* * * LOW HITPOINT WARNING * * *
You feel sick. The giant cockroach bites you.
* * * LOW HITPOINT WARNING * * *
You tentacle-slap the giant cockroach.
You kill the giant cockroach!
There is a lethal amount of poison in your body!
There is a lethal amount of poison in your body!
Eat which item? (? for menu, Esc to quit)
Okay, then.
You aren't carrying any potions.
Things that are here:
a giant cockroach corpse; an iguana corpse; a scorpion corpse
Found a staircase to the Ecumenical Temple.
You see here 14 gold pieces.
* * * LOW HITPOINT WARNING * * *
You feel sick.
Found a leather armour.
You die...

.........#######....(.##
.........†..............
.........#######.....###
........$............#
..........######.....#
..........# #.....#
###.###.#.# #.....#
#..##...# #.....#
##...@..# #.....#
#[.♣.♣.# #.....#
#...>..# #.....#
#..♣.♣.# #.....###
#......# #........ #.
.## # ######### ## #


There were no monsters in sight!

Vanquished Creatures
  A scorpion (D:4)
  An orc priest (D:4)
  An orc wizard (D:4)
  An iguana (D:4)
  A hound skeleton (D:4)
  A howler monkey skeleton (D:4)
  An adder (D:3)
  A white imp (D:4)
  A worm (D:3)
  6 orcs (D:4)
  3 giant cockroaches
  A goblin (D:1)
  5 hobgoblins
  6 jackals (D:4)
  A kobold (D:1)
  A quokka (D:3)
  2 bats (D:1)
  A giant newt (D:1)
  2 goblin skeletons (D:4)
  A hobgoblin zombie (D:4)
  2 kobold skeletons (D:4)
  A kobold zombie (D:4)
  An orc skeleton (D:4)
  2 orc zombies (D:4)
  4 rats
48 creatures vanquished.

Notes
Turn   | Place    | Note
--------------------------------------------------------------
     0 | D:1      | M4edhros the Octopode Artificer began the quest for the Orb.
     0 | D:1      | Reached XP level 1. HP: 13/13 MP: 3/3
   182 | D:1      | Reached skill level 1 in Unarmed Combat
   522 | D:1      | Reached XP level 2. HP: 18/18 MP: 4/4
   906 | D:3      | Reached skill level 2 in Unarmed Combat
  1109 | D:3      | Reached XP level 3. HP: 11/23 MP: 5/5
  1413 | D:4      | Reached skill level 3 in Unarmed Combat
  1413 | D:4      | Reached XP level 4. HP: 28/28 MP: 6/6
  1582 | D:4      | Found a glowing golden altar of the Shining One.
  1588 | D:4      | Reached skill level 4 in Unarmed Combat
  1698 | D:4      | Reached XP level 5. HP: 28/33 MP: 7/7
  2176 | D:4      | Gained mutation: You are clumsy. (Dex -2) [potion of mutation]
  2176 | D:4      | Gained mutation: You are weak. (Str -2) [potion of mutation]
  2179 | D:4      | Reached skill level 5 in Unarmed Combat
  2186 | D:4      | Reached XP level 6. HP: 4/38 MP: 8/8
  2189 | D:4      | HP: 1/38 [giant cockroach (1)]
  2193 | D:4      | Found a staircase to the Ecumenical Temple.
  2194 | D:4      | HP: 1/38 [poisoned by a scorpion]
  2198 | D:4      | Succumbed to a scorpion's poison

Vault maps used:
D:1:      roderic_crop_circles_arrival_large
D:2:      first_bread, minmay_misc_feat_square, elyvilon_altar_4, uniq_robin
D:4:      minmay_temple_entry_trees, nicolae_tso_besieged_by_evil

Skill      XL: |  1  2  3  4  5 |
---------------+----------------+-----
Unarmed Combat | 1 2 3 4 5 |  5.6
Fighting       | |  1.0
Short Blades   | |  1.0
Dodging        | |  2.0
Stealth        | |  1.3
Evocations     | |  3.2

Action                   |  1- 3 |  4- 6 || total
-------------------------+-------+-------++-------
Melee: Unarmed           |    53 |    69 ||   122
Evoke: Wand              |       |     1 ||     1
  Use: Potion            |       |     3 ||     3
 Stab: Sleeping          |     6 |     2 ||     8
  Eat: Chunk             |     1 |     1 ||     2
